 Dungeon Crawl Stone Soup version 0.28.0-45-g0d030f2227 (webtiles) character file.

Game seed: 4049091140244261505

1736 Peloso the Slicer (level 8, 77/77 HPs)
             Began as a Minotaur Fighter on Apr 7, 2022.
             Was an Initiate of Okawaru.
             Got out of the dungeon alive.
             The game lasted 00:20:27 (6289 turns).

Peloso the Slicer (Minotaur Fighter)                Turns: 6289, Time: 00:20:27

Health: 77/77      AC: 18    Str: 21    XL:     8   Next: 76%
Magic:  7/7        EV:  7    Int:  5    God:    Okawaru [......]
Gold:   247        SH:  6    Dex: 18    Spells: 7/7 levels left

rFire   . . .      SeeInvis .   a - +0 rapier
rCold   . . .      Faith    .   c - +0 buckler
rNeg    . . .      Spirit   .   y - +0 plate armour
rPois   .          Reflect  .   (helmet restricted)
rElec   .          Harm     .   u - +2 cloak {rCorr}
rCorr   +          Rampage  .   j - +0 pair of gloves
Will    .....                   (no boots)
Stlth   ..........              t - amulet of regeneration
HPRegen 1.02/turn               q - +6 ring of dexterity
MPRegen 0.10/turn               (no ring)

@: no status effects
A: horns 2, retaliatory headbutt, robust 1
a: Renounce Religion


You escaped.
You worshipped Okawaru.
Okawaru was noncommittal.
You visited 2 branches of the dungeon, and saw 8 of its levels.

You collected 247 gold pieces.

Inventory:

Hand Weapons
 a - a +0 rapier (weapon)
Missiles
 p - 2 throwing nets (quivered)
Armour
 b - a +0 scale mail
 c - a +0 buckler (worn)
 j - a +0 pair of gloves (worn)
 u - a +2 cloak of preservation (worn)
 y - a +0 plate armour (worn)
Jewellery
 k - a ring of ice
 q - a +6 ring of dexterity (left hand)
 t - an amulet of regeneration (around neck)
 E - a ring of wizardry
Wands
 m - a wand of polymorph (8)
 s - a wand of mindburst (26)
 z - a wand of charming (5)
Scrolls
 f - 2 scrolls of brand weapon {unknown}
 g - 2 scrolls of enchant armour {unknown}
 h - 2 scrolls of teleportation
 l - 2 scrolls of blinking
 o - a scroll of identify
 r - a scroll of summoning {unknown}
 v - a scroll of fog {unknown}
 x - a scroll of immolation {unknown}
 B - a scroll of magic mapping {unknown}
 D - a scroll of vulnerability {unknown}
Potions
 d - 2 potions of might
 e - a potion of invisibility
 i - a potion of magic
 n - 5 potions of curing
 w - a potion of brilliance
 C - a potion of heal wounds {unknown}


   Skills:
 + Level 6.0 Fighting
 + Level 8.2 Short Blades
 + Level 7.8 Armour
 + Level 2.3 Dodging
 + Level 0.3 Stealth
 + Level 6.1 Shields
 + Level 0.2 Evocations


You had 7 spell levels left.
You didn't know any spells.
Your spell library contained the following spells:

 Spells                   Type           Power      Damage    Failure   Level
 Magic Dart               Conj           0%         1d3       100%        1
 Searing Ray              Conj           0%         2d4       100%        2
 Portal Projectile        Hex/Tloc       0%         N/A       100%        3
 Stone Arrow              Conj/Erth      0%         3d7       100%        3
 Fulminant Prism          Conj/Hex       0%         3d6       100%        4
 Leda's Liquefaction      Hex/Erth       0%         N/A       100%        4
 Lehudib's Crystal Spear  Conj/Erth      0%         10d2      100%        8
 Call Canine Familiar     Summ           Unusable   N/A       N/A         3
 Animate Armour           Summ/Erth      Unusable   N/A       N/A         4
 Summon Ice Beast         Ice/Summ       Unusable   N/A       N/A         4
 Haunt                    Necr/Summ      Unusable   N/A       N/A         7

Dungeon Overview and Level Annotations

Branches:
Dungeon (7/15)             Temple (1/1) D:7

Altars:
Ashenzari
Cheibriados
Dithmenos
Fedhas
Gozag
Makhleb
Okawaru
Qazlal
Sif Muna
Trog
Uskayaw
Vehumet
Xom
The Shining One

Shops:
D:3 [


Innate Abilities, Weirdness & Mutations

You have a pair of horns on your head.
You reflexively headbutt those who attack you in melee.
You are robust. (+10% HP)


Message History

The orc is moderately wounded.
The orc hits you but does no damage.
You puncture the orc!
You kill the orc!
Okawaru accepts your kill.
Things that are here:
a +0 hand axe; an orc corpse
Things that are here:
a +0 falchion; a +1 ring mail of cold resistance; a +2 flail of protection
Okay, then.
Really quaff the potion of mutation?
You feel extremely strange.
You feel robust.
(D) Dungeon (T) Temple
Where to? (Enter - D:12, ? - help)
What level of the Dungeon? (default 1, ? - help)
There is a stone staircase leading up here.
You climb upwards.
There is a stone staircase leading down here.
HP restored.
There is a stone staircase leading up here.
You climb upwards.
There is a stone staircase leading down here.
There is a stone staircase leading up here.
You climb upwards.
There is a stone staircase leading down here.
There is a stone staircase leading up here.
You climb upwards.
There is a stone staircase leading down here.
You see here a +0 shortbow.
There is a stone staircase leading up here.
You climb upwards.
There is a stone staircase leading down here.
There is a stone staircase leading up here.
You climb upwards.
There is a stone staircase leading down here.
There is an open door here.
There is a staircase leading out of the dungeon here.
Are you sure you want to leave the Dungeon?
This will make you lose the game!
You have escaped!

#.########## #.# #
#..........# #.# #
#..≈≈≈≈..8.# #.# #
#..........# ##.########
#####.###### #...>......
####'##### ##.########
#........###############
#........##........)....
#.(....@.###############
#........# #........#
##########


There were no monsters in sight!

Vanquished Creatures
  Prince Ribbit (D:6)
  A black bear (D:4)
  A necrophage (D:6)
  An ice beast (D:5)
  2 hornet zombies
  An orc warrior (D:6)
  A centaur (D:7)
  A kobold brigand (D:4)
  Blork the orc (D:6)
  A bullfrog (D:7)
  A water moccasin skeleton (D:4)
  A howler monkey (D:5)
  A jelly (D:4)
  2 orc priests
  3 hounds
  Crazy Yiuf (D:2)
  A bullfrog skeleton (D:5)
  A centaur skeleton (D:7)
  Natasha (thrice) (D:2)
  Ijyb (D:5)
  2 orc wizards (D:3)
  A scorpion zombie (D:5)
  A howler monkey zombie (D:7)
  6 adders
  An ufetubus (D:4)
  2 worms (D:2)
  A dart slug (D:4)
  22 orcs
  5 bats
  10 endoplasms
  3 giant cockroaches
  7 hobgoblins
  10 jackals
  6 kobolds
  5 quokkas
  8 ball pythons
  4 frilled lizards
  10 goblins
  3 rats
133 creatures vanquished.

Notes
Turn   | Place    | Note
-------+----------+-------------------------------------------
     0 | D:1      | Peloso the Minotaur Fighter began the quest for the Orb.
     0 | D:1      | Reached XP level 1. HP: 19/19 MP: 0/0
   256 | D:1      | Reached XP level 2. HP: 27/27 MP: 1/1
  1067 | D:2      | Reached XP level 3. HP: 33/33 MP: 2/2
  1125 | D:2      | Found a faded altar of an unknown god.
  1141 | D:2      | Reached skill level 3 in Short Blades
  1312 | D:2      | Noticed Natasha
  1326 | D:2      | Killed Natasha
  1327 | D:2      | Reached XP level 4. HP: 6/40 MP: 3/3
  1625 | D:2      | Found a runed translucent door.
  1626 | D:2      | Noticed Crazy Yiuf
  1699 | D:2      | Noticed Natasha
  1704 | D:2      | Killed Natasha
  1839 | D:2      | Noticed Natasha
  1876 | D:2      | Killed Natasha
  1877 | D:2      | Reached skill level 1 in Dodging
  1916 | D:2      | Reached XP level 5. HP: 42/46 MP: 4/4
  2229 | D:3      | Reached skill level 4 in Short Blades
  2316 | D:3      | Found a glowing golden altar of the Shining One.
  2474 | D:3      | Reached skill level 5 in Armour
  2935 | D:3      | Found Feviz's Antique Armour Boutique.
  3018 | D:2      | Killed Crazy Yiuf
  3019 | D:2      | Reached XP level 6. HP: 26/53 MP: 5/5
  3195 | D:4      | Found an opulent altar of Gozag.
  3258 | D:4      | Reached skill level 5 in Short Blades
  3571 | D:4      | Reached XP level 7. HP: 52/60 MP: 6/6
  3652 | D:4      | Reached skill level 5 in Fighting
  3681 | D:4      | Reached skill level 6 in Short Blades
  3950 | D:5      | Entered Level 5 of the Dungeon
  4058 | D:5      | Found a blossoming altar of Fedhas.
  4091 | D:5      | Reached skill level 5 in Shields
  4339 | D:5      | Noticed Ijyb
  4362 | D:5      | Killed Ijyb
  4835 | D:6      | Noticed Blork the orc
  4847 | D:6      | Killed Blork the orc
  4848 | D:6      | Reached skill level 7 in Short Blades
  4848 | D:6      | Reached XP level 8. HP: 63/69 MP: 7/7
  4875 | D:6      | Found a broken altar of Ashenzari.
  4897 | D:6      | Got the Incunabulum of Illusion
  4918 | D:6      | Found a shimmering altar of Xom.
  5056 | D:6      | Noticed Prince Ribbit
  5107 | D:6      | Killed Prince Ribbit
  5707 | D:7      | Found a staircase to the Ecumenical Temple.
  5727 | Temple   | Entered the Ecumenical Temple
  5879 | Temple   | Became a worshipper of Warmaster Okawaru
  5932 | D:7      | Found a stormy altar of Qazlal.
  6016 | D:7      | Reached skill level 8 in Short Blades
  6168 | D:7      | Gained mutation: You are robust. (+10% HP) [potion of
                  | mutation]
  6289 | D:$      | Got out of the dungeon alive.

Illustrated notes

Levels and vault maps discovered:
D:1:      dpeg_arrival_rooms_c, layout_loops_ring
D:2:      layout_basic, shapermc_ecumenical_altar_starsandcircs, uniq_natasha,
          uniq_crazy_yiuf_cottage
D:3:      layout_basic, mainiacjoe_overflow_catwalk, serial_shops,
          nicolae_shop_window_shopping
D:4:      layout_rooms, nicolae_gozag_cash_rules_everything_around_me,
          eino_tiny_chamber, lemuel_old_faithful
D:5:      layout_gridville, fedhas_ov_isle_minmay, kennysheep_cross_room,
          minmay_misc_feat_hallway, uniq_ijyb
D:6:      layout_layer_cave, mainiacjoe_overflow_cross_hatched,
          mainiacjoe_overflow_boulevard, uniq_blork_the_orc, uniq_prince_ribbit1
D:7:      layout_gridville, grunt_qazlal_clouds,
          minmay_temple_entry_proselytizer
Temple:   regret_index_temple_generic_petals

Skill      XL: |  1  2  3  4  5  6  7  8 |
---------------+-------------------------+-----
Armour         | 4 5 6 7 |  7.8
Shields        | 4 5 6 |  6.1
Short Blades   | 3 4 5 7 8 |  8.2
Fighting       | 4 5 6 |  6.0
Dodging        | 1 2 |  2.3
Stealth        | |  0.3
Evocations     | |  0.2

Action                   |  1- 3 |  4- 6 |  7- 9 || total
-------------------------+-------+-------+-------++-------
Melee: Rapier            |    88 |   169 |   183 ||   440
       Headbutt          |    15 |    31 |    43 ||    89
       Unarmed           |       |     3 |       ||     3
Evoke: Wand              |       |       |     2 ||     2
  Use: Potion            |     2 |       |     1 ||     3
       Scroll            |       |       |     7 ||     7
Armor: Scale mail        |    42 |    42 |       ||    84
       Chain mail        |       |    45 |     6 ||    51
       Plate armour      |       |       |   103 ||   103
Dodge: Dodged            |    40 |    71 |    40 ||   151
Block: Buckler           |    19 |    52 |    41 ||   112
